Wild vs BlackHawks

Created - March 9, 2017 at 19:22

Goals
1 2 3 OT1 T
Wild 2 0 1 0 3
BlackHawks 3 0 0 1 4
Shots
1 2 3 OT1 T
Wild 8 7 9 0 24
BlackHawks 12 11 12 2 37

1st period

1. BlackHawks , Gabriel Landeskog 32 (Dmitry Kulikov) at 0:55
2. BlackHawks , Aaron Ekblad 10 (Dion Phaneuf, Artemi Panarin) at 1:43 (PP)
3. Wild , Marian Gaborik 13 (Eric Staal, Jason Pominville) at 9:24
4. Wild , Mark Streit 6 (Alexander Edler, Tanner Pearson) at 12:24 (PP)
5. BlackHawks , Jack Eichel 28 (Gabriel Landeskog, Aaron Ekblad) at 19:21

Penalties :
Jimmy Hayes (MIN) for Hooking (Minor) at 1:13, Dion Phaneuf (CHI) for High sticking (Minor) at 10:36, Riley Nash (MIN) for Hooking (Minor) at 12:37

2nd period

No Goal

Penalties :
Alexander Edler (MIN) for Roughing (Minor) at 8:32

3rd period

6. Wild , Marian Gaborik 14 (Eric Staal) at 7:08

Penalties :
Michael McCarron (CHI) for Interference (Minor) at 17:58, Taylor Fedun (MIN) for Holding (Minor) at 17:58

Overtime #1

7. BlackHawks , Aaron Ekblad 11 (Jack Eichel, Alex Galchenyuk) at 0:22

Penalties :
No Penalty

Goalie Stats

Ryan Miller (MIN), 33 saves from 37 shots - (0.892), OTL, 21-25-4, 60:23 minutes
Sergei Bobrovsky (CHI), 21 saves from 24 shots - (0.875), W, 10-11-2, 60:23 minutes

Players Stats for Wild

Player Name              G  A  P  +/- PIM S  H  SB GA TA FO     MP     PP MP  PK MP  
------------------------------------------------------------------------------------
Alex Biega               0  0  0   0  0   0  3  1  0  0  0/0    14:20   0:00   2:22 
Alexander Edler          0  1  1   0  2   1  4  0  0  0  0/0    25:45   1:08   1:08 
Carl Gunnarsson          0  0  0   0  0   0  2  0  0  0  0/0    25:04   0:00   1:45 
Colin McDonald           0  0  0  -1  0   0  2  0  0  0  0/0     7:04   0:00   1:46 
Eric Staal               0  2  2   1  0   5  3  0  0  0  8/18   19:05   0:40   0:00 
Jason Pominville         0  1  1   1  0   2  0  0  0  0  6/6    19:45   0:40   0:46 
Jason Spezza             0  0  0   0  0   3  1  0  0  0  13/26  23:05   1:08   0:00 
Jeff Petry               0  0  0   0  0   0  0  1  0  0  0/0    20:34   0:40   0:58 
Jimmy Hayes              0  0  0   0  2   1  1  0  0  0  1/1     8:32   0:00   0:00 
Marian Gaborik           2  0  2   1  0   6  0  0  0  0  1/2    18:59   0:40   0:00 
Mark Streit              1  0  1   0  0   1  0  1  0  0  0/0    21:47   1:08   2:06 
Markus Granlund          0  0  0  -1  0   0  0  0  0  0  4/11    8:00   0:00   2:42 
Mason Raymond            0  0  0   0  0   1  0  0  0  0  0/1    11:15   0:00   2:42 
Riley Nash               0  0  0   0  2   0  0  1  0  0  8/13    9:32   0:00   1:00 
Ronalds Kenins           0  0  0  -1  0   0  0  0  0  0  0/0     5:18   0:00   0:00 
Sven Baertschi           0  0  0   0  0   2  0  0  0  0  0/3    22:59   1:08   0:00 
Tanner Pearson           0  1  1   0  0   2  3  0  0  0  0/0    20:43   1:08   0:00 
Taylor Fedun             0  0  0   0  2   0  0  0  0  0  0/0    13:14   0:40   0:37 

Players Stats for BlackHawks

Player Name              G  A  P  +/- PIM S  H  SB GA TA FO     MP     PP MP  PK MP  
------------------------------------------------------------------------------------
Aaron Ekblad             2  1  3  -1  0   2  0  1  0  0  0/0    23:29   2:59   0:00 
Adam McQuaid             0  0  0   1  0   1  4  3  0  0  0/0    18:28   0:00   0:25 
Alex Galchenyuk          0  1  1   0  0   8  0  0  0  0  17/31  20:54   2:20   0:00 
Antoine Roussel          0  0  0   0  0   2  1  0  0  0  0/0    16:49   0:00   0:25 
Artemi Panarin           0  1  1   0  0   5  0  0  0  0  0/0    20:48   2:20   0:00 
Dion Phaneuf             0  1  1  -1  2   0  6  0  0  0  0/0    23:21   2:59   0:00 
Dmitry Kulikov           0  1  1   1  0   0  0  0  0  0  0/0    20:02   1:29   0:25 
Gabriel Landeskog        1  1  2   0  0   8  4  0  0  0  0/2    19:34   2:08   0:00 
Jack Eichel              1  1  2   0  0   5  0  0  0  0  12/27  19:40   2:08   0:00 
Jake Virtanen            0  0  0   0  0   1  8  0  0  0  1/1    19:34   2:20   0:00 
Jason Chimera            0  0  0   0  0   2  0  0  0  0  0/1    11:13   0:00   0:00 
Jordin Tootoo            0  0  0   0  0   0  1  0  0  0  0/0     6:54   0:00   0:00 
Kevan Miller             0  0  0   0  0   0  0  2  0  0  0/0    18:27   1:29   1:23 
Luke Schenn              0  0  0   0  0   0  1  1  0  0  0/0    16:58   0:00   1:23 
Mark Arcobello           0  0  0   0  0   0  0  0  0  0  2/5     8:17   0:00   1:23 
Michael McCarron         0  0  0   0  2   2  0  0  0  0  1/1    13:20   2:08   0:00 
Scottie Upshall          0  0  0   0  0   0  0  0  0  0  0/0     8:17   0:00   1:23 
Trevor Lewis             0  0  0   0  0   1  1  0  0  0  7/13   11:38   0:00   0:25 

3 Stars

1 - Aaron Ekblad (CHI)
2 - Marian Gaborik (MIN)
3 - Gabriel Landeskog (CHI)

Power Play

Wild - 1 on 1 Attempt(s) - 100.00%
BlackHawks - 1 on 3 Attempt(s) - 33.33%

Penalty Kill

Wild - 2 on 3 Attempt(s) - 66.67% - Score 0 goal in Penalty Kill
BlackHawks - 0 on 1 Attempt(s) - 0.00% - Score 0 goal in Penalty Kill

Team Stat

Wild - Hits : 19 - Faceoff Wins : 41 - Blocked Shots : 4 - Penalty Minutes : 8
BlackHawks - Hits : 26 - Faceoff Wins : 40 - Blocked Shots : 7 - Penalty Minutes : 4

Official

Referees : Kendrick Nicholson and Trevor Hanson
Linesman : Brad Kovachik and Greg Devorski

Game Notes

No Game Note

Finance

Level 1 -- Attendance: 5483 (84.35%) -- Ticket Income $603,130
Level 2 -- Attendance: 4687 (93.74%) -- Ticket Income $351,525
Level 3 -- Attendance: 3120 (89.14%) -- Ticket Income $174,720
Level 4 -- Attendance: 2340 (62.95%) -- Ticket Income $93,600
Luxury Box -- Attendance: 1000 (100.00%) -- Ticket Income $199,000
Game was played at the United Center.
Total Attendance: 16630 (84.34%)
Total Ticket Income: $1,421,975
Other Income: $213,296
Total Income: $1,635,271

% Time on Ice - Wild

Lines # - Real PCT - Wanted PCT - Time Play
Normal Forward
1 - 38% - 42% - 19:35
2 - 35% - 38% - 18:19
3 - 17% - 17% - 8:33
4 - 10% - 3% - 5:18
Normal Defense
1 - 41% - 43% - 21:14
2 - 36% - 37% - 18:33
3 - 23% - 15% - 11:58
4 - 0% - 5% - 0:00
PP Forward
1 - 63% - 50% - 1:08
2 - 37% - 50% - 0:40
PP Defense
1 - 63% - 50% - 1:08
2 - 37% - 50% - 0:40
PK Forward
1 - 60% - 58% - 2:42
2 - 40% - 42% - 1:46
PK Defense
1 - 47% - 53% - 2:06
2 - 53% - 47% - 2:22
PK3 Forward
1 - 0% - 50%
2 - 0% - 50%
PK3 Defense
1 - 0% - 55%
2 - 0% - 45%
44 Forward
1 - 100% - 55% - 1:59
2 - 0% - 45% - 0:00
44 Defense
1 - 100% - 55% - 1:59
2 - 0% - 45% - 0:00
Last Minute Offensive  - 0:00
Last Minute Defensive  - 0:00
Total
Forward - 60:00
Defense - 60:00

% Time on Ice - BlackHawks

Lines # - Real PCT - Wanted PCT - Time Play
Normal Forward
1 - 33% - 34% - 17:14
2 - 32% - 33% - 16:24
3 - 22% - 22% - 11:13
4 - 13% - 11% - 6:54
Normal Defense
1 - 37% - 37% - 18:58
2 - 33% - 34% - 17:12
3 - 30% - 29% - 15:35
4 - 0% - 0% - 0:00
PP Forward
1 - 52% - 55% - 2:20
2 - 48% - 45% - 2:08
PP Defense
1 - 67% - 55% - 2:59
2 - 33% - 45% - 1:29
PK Forward
1 - 77% - 55% - 1:23
2 - 23% - 45% - 0:25
PK Defense
1 - 23% - 50% - 0:25
2 - 77% - 50% - 1:23
PK3 Forward
1 - 0% - 50%
2 - 0% - 50%
PK3 Defense
1 - 0% - 55%
2 - 0% - 45%
44 Forward
1 - 48% - 55% - 0:57
2 - 52% - 45% - 1:02
44 Defense
1 - 57% - 55% - 1:08
2 - 43% - 45% - 0:51
Last Minute Offensive  - 0:00
Last Minute Defensive  - 0:00
Total
Forward - 60:00
Defense - 60:00

Play by Play

1st period


0:01 of 1st period - Alex Galchenyuk wins face-off versus Sven Baertschi in neutral zone.
0:26 of 1st period - Shot by Sven Baertschi.
0:26 of 1st period - Deflect By Jason Spezza.
0:26 of 1st period - Stopped by Sergei Bobrovsky without a rebound.
0:27 of 1st period - Eric Staal wins face-off versus Jack Eichel in BlackHawks zone.
0:55 of 1st period - Shot by Gabriel Landeskog.
0:55 of 1st period - Goal by Gabriel Landeskog - Wild : 0 - BlackHawks : 1.
0:56 of 1st period - Trevor Lewis wins face-off versus Riley Nash in neutral zone.
1:13 of 1st period - Minor Penalty to Jimmy Hayes for Hooking.
1:14 of 1st period - Markus Granlund wins face-off versus Alex Galchenyuk in Wild zone.
1:14 of 1st period - Markus Granlund is hit by Jake Virtanen.
1:21 of 1st period - Icing by Aaron Ekblad.
1:22 of 1st period - Alex Galchenyuk wins face-off versus Markus Granlund in BlackHawks zone.
1:37 of 1st period - Shot by Artemi Panarin.
1:37 of 1st period - Shot Misses the Net.
1:39 of 1st period - Shot by Dion Phaneuf.
1:39 of 1st period - Shot Misses the Net.
1:41 of 1st period - Shot by Dion Phaneuf.
1:41 of 1st period - Shot Misses the Net.
1:43 of 1st period - Shot by Aaron Ekblad.
1:43 of 1st period - Goal by Aaron Ekblad - Wild : 0 - BlackHawks : 2.
1:44 of 1st period - Jason Spezza wins face-off versus Mark Arcobello in neutral zone.
2:14 of 1st period - Icing by Alexander Edler.
2:15 of 1st period - Jason Spezza wins face-off versus Alex Galchenyuk in Wild zone.
2:15 of 1st period - Jason Spezza is hit by Jake Virtanen.
3:24 of 1st period - Icing by Jeff Petry.
3:25 of 1st period - Jason Pominville wins face-off versus Jack Eichel in Wild zone.
3:25 of 1st period - Jason Pominville is hit by Gabriel Landeskog.
3:49 of 1st period - Icing by Adam McQuaid.
3:50 of 1st period - Jack Eichel wins face-off versus Riley Nash in BlackHawks zone.
3:54 of 1st period - Off-side.
3:55 of 1st period - Michael McCarron wins face-off versus Jason Spezza in neutral zone.
4:34 of 1st period - Shot by Sven Baertschi.
4:34 of 1st period - Shot Misses the Net.
5:42 of 1st period - Shot by Jack Eichel.
5:42 of 1st period - Stopped by Ryan Miller without a rebound.
5:43 of 1st period - Jack Eichel wins face-off versus Markus Granlund in Wild zone.
7:13 of 1st period - Taylor Fedun is hit by Jake Virtanen and loses puck.
7:17 of 1st period - Taylor Fedun is hit by Dion Phaneuf and loses puck.
8:06 of 1st period - Shot by Jordin Tootoo.
8:06 of 1st period - Shot Misses the Net.
8:38 of 1st period - Shot by Jimmy Hayes.
8:38 of 1st period - Shot Misses the Net.
8:40 of 1st period - Shot by Jeff Petry.
8:40 of 1st period - Shot Misses the Net.
8:42 of 1st period - Shot by Riley Nash.
8:42 of 1st period - Shot Blocked by Adam McQuaid.
9:06 of 1st period - Icing by Mason Raymond.
9:07 of 1st period - Riley Nash wins face-off versus Trevor Lewis in Wild zone.
9:20 of 1st period - Shot by Mason Raymond.
9:20 of 1st period - Stopped by Sergei Bobrovsky without a rebound.
9:21 of 1st period - Jason Pominville wins face-off versus Gabriel Landeskog in BlackHawks zone.
9:24 of 1st period - Shot by Eric Staal.
9:24 of 1st period - Deflect By Marian Gaborik.
9:24 of 1st period - Goal by Marian Gaborik - Wild : 1 - BlackHawks : 2.
9:25 of 1st period - Jack Eichel wins face-off versus Eric Staal in neutral zone.
9:25 of 1st period - Jack Eichel is hit by Eric Staal.
9:35 of 1st period - Shot by Antoine Roussel.
9:35 of 1st period - Stopped by Ryan Miller without a rebound.
9:36 of 1st period - Jason Spezza wins face-off versus Alex Galchenyuk in Wild zone.
9:36 of 1st period - Jason Spezza is hit by Jake Virtanen.
9:47 of 1st period - Alexander Edler is hit by Dion Phaneuf and loses puck.
9:50 of 1st period - Shot by Tanner Pearson.
9:50 of 1st period - Deflect By Jason Spezza.
9:50 of 1st period - Shot Misses the Net.
9:52 of 1st period - Shot by Alexander Edler.
9:52 of 1st period - Stopped by Sergei Bobrovsky with a rebound.
9:54 of 1st period - Shot by Sven Baertschi.
9:54 of 1st period - Stopped by Sergei Bobrovsky with a rebound.
9:56 of 1st period - Shot by Sven Baertschi.
9:56 of 1st period - Shot Misses the Net.
9:58 of 1st period - Shot by Tanner Pearson.
9:58 of 1st period - Shot Misses the Net.
10:03 of 1st period - Icing by Aaron Ekblad.
10:04 of 1st period - Alex Galchenyuk wins face-off versus Eric Staal in BlackHawks zone.
10:36 of 1st period - Minor Penalty to Dion Phaneuf for High sticking.
10:37 of 1st period - Mark Arcobello wins face-off versus Jason Spezza in BlackHawks zone.
10:37 of 1st period - Mark Arcobello is hit by Tanner Pearson.
11:09 of 1st period - Shot by Sven Baertschi.
11:09 of 1st period - Shot Blocked by Kevan Miller.
11:33 of 1st period - Shot by Jason Pominville.
11:33 of 1st period - Shot Misses the Net.
11:35 of 1st period - Shot by Marian Gaborik.
11:35 of 1st period - Stopped by Sergei Bobrovsky with a rebound.
11:57 of 1st period - Shot by Jeff Petry.
11:57 of 1st period - Shot Blocked by Kevan Miller.
11:59 of 1st period - Shot by Eric Staal.
11:59 of 1st period - Deflect By Marian Gaborik.
11:59 of 1st period - Stopped by Sergei Bobrovsky without a rebound.
12:00 of 1st period - Jason Spezza wins face-off versus Trevor Lewis in BlackHawks zone.
12:22 of 1st period - Shot by Alexander Edler.
12:22 of 1st period - Shot Blocked by Adam McQuaid.
12:24 of 1st period - Shot by Mark Streit.
12:24 of 1st period - Goal by Mark Streit - Wild : 2 - BlackHawks : 2.
12:25 of 1st period - Jimmy Hayes wins face-off versus Alex Galchenyuk in neutral zone.
12:37 of 1st period - Minor Penalty to Riley Nash for Hooking.
12:38 of 1st period - Jack Eichel wins face-off versus Markus Granlund in Wild zone.
12:39 of 1st period - Shot by Gabriel Landeskog.
12:39 of 1st period - Shot Misses the Net.
13:09 of 1st period - Shot by Gabriel Landeskog.
13:09 of 1st period - Deflect By Jack Eichel.
13:09 of 1st period - Stopped by Ryan Miller without a rebound.
13:10 of 1st period - Jason Pominville wins face-off versus Alex Galchenyuk in Wild zone.
13:33 of 1st period - Shot by Alex Galchenyuk.
13:33 of 1st period - Stopped by Ryan Miller without a rebound.
13:34 of 1st period - Jack Eichel wins face-off versus Markus Granlund in Wild zone.
13:37 of 1st period - Shot by Aaron Ekblad.
13:37 of 1st period - Shot Misses the Net.
13:53 of 1st period - Shot by Gabriel Landeskog.
13:53 of 1st period - Stopped by Ryan Miller without a rebound.
13:54 of 1st period - Alex Galchenyuk wins face-off versus Mason Raymond in Wild zone.
14:07 of 1st period - Shot by Alex Galchenyuk.
14:07 of 1st period - Shot Misses the Net.
14:09 of 1st period - Shot by Alex Galchenyuk.
14:09 of 1st period - Stopped by Ryan Miller without a rebound.
14:10 of 1st period - Jason Pominville wins face-off versus Jack Eichel in Wild zone.
14:38 of 1st period - Jack Eichel is hit by Carl Gunnarsson and loses puck.
17:12 of 1st period - Michael McCarron is hit by Alexander Edler and loses puck.
18:23 of 1st period - Off-side.
18:24 of 1st period - Riley Nash wins face-off versus Alex Galchenyuk in neutral zone.
18:36 of 1st period - Shot by Alex Galchenyuk.
18:36 of 1st period - Shot Misses the Net.
19:00 of 1st period - Shot by Artemi Panarin.
19:00 of 1st period - Stopped by Ryan Miller without a rebound.
19:01 of 1st period - Markus Granlund wins face-off versus Jack Eichel in Wild zone.
19:21 of 1st period - Shot by Jack Eichel.
19:21 of 1st period - Goal by Jack Eichel - Wild : 2 - BlackHawks : 3.
19:22 of 1st period - Riley Nash wins face-off versus Trevor Lewis in neutral zone.
19:39 of 1st period - Shot by Michael McCarron.
19:39 of 1st period - Shot Misses the Net.
19:41 of 1st period - Shot by Jason Chimera.
19:41 of 1st period - Stopped by Ryan Miller with a rebound.
19:43 of 1st period - Shot by Trevor Lewis.
19:43 of 1st period - Stopped by Ryan Miller without a rebound.
19:44 of 1st period - Eric Staal wins face-off versus Jack Eichel in Wild zone.
19:51 of 1st period - Eric Staal is hit by Antoine Roussel and loses puck.
19:56 of 1st period - Dion Phaneuf is hit by Eric Staal and loses puck.
Goals for this period are 2 for Wild vs 3 for BlackHawks.
Shots for this period are 8 for Wild vs 12 for BlackHawks.

2nd period


0:01 of 2nd period - Jack Eichel wins face-off versus Jason Spezza in neutral zone.
0:17 of 2nd period - Shot by Sven Baertschi.
0:17 of 2nd period - Shot Misses the Net.
0:19 of 2nd period - Shot by Tanner Pearson.
0:19 of 2nd period - Shot Misses the Net.
0:36 of 2nd period - Sven Baertschi is hit by Dion Phaneuf and loses puck.
0:41 of 2nd period - Shot by Tanner Pearson.
0:41 of 2nd period - Shot Blocked by Aaron Ekblad.
1:05 of 2nd period - Jason Pominville is hit by Adam McQuaid and loses puck.
1:17 of 2nd period - Marian Gaborik is hit by Adam McQuaid and loses puck.
1:24 of 2nd period - Shot by Jason Pominville.
1:24 of 2nd period - Stopped by Sergei Bobrovsky without a rebound.
1:25 of 2nd period - Riley Nash wins face-off versus Trevor Lewis in BlackHawks zone.
1:48 of 2nd period - Shot by Trevor Lewis.
1:48 of 2nd period - Shot Blocked by Riley Nash.
2:38 of 2nd period - Shot by Artemi Panarin.
2:38 of 2nd period - Shot Misses the Net.
2:49 of 2nd period - Icing by Alex Biega.
2:50 of 2nd period - Jack Eichel wins face-off versus Riley Nash in Wild zone.
3:31 of 2nd period - Shot by Gabriel Landeskog.
3:31 of 2nd period - Stopped by Ryan Miller without a rebound.
3:32 of 2nd period - Trevor Lewis wins face-off versus Marian Gaborik in Wild zone.
4:09 of 2nd period - Shot by Jason Pominville.
4:09 of 2nd period - Shot Misses the Net.
4:11 of 2nd period - Shot by Marian Gaborik.
4:11 of 2nd period - Stopped by Sergei Bobrovsky with a rebound.
5:11 of 2nd period - Jake Virtanen is hit by Alexander Edler and loses puck.
5:55 of 2nd period - Shot by Gabriel Landeskog.
5:55 of 2nd period - Stopped by Ryan Miller without a rebound.
5:56 of 2nd period - Mark Arcobello wins face-off versus Eric Staal in Wild zone.
6:33 of 2nd period - Shot by Eric Staal.
6:33 of 2nd period - Stopped by Sergei Bobrovsky with a rebound.
6:35 of 2nd period - Shot by Marian Gaborik.
6:35 of 2nd period - Stopped by Sergei Bobrovsky without a rebound.
6:36 of 2nd period - Jason Spezza wins face-off versus Jack Eichel in BlackHawks zone.
6:36 of 2nd period - Tanner Pearson is hit by Dion Phaneuf and loses puck.
7:10 of 2nd period - Icing by Jack Eichel.
7:11 of 2nd period - Jack Eichel wins face-off versus Riley Nash in BlackHawks zone.
7:21 of 2nd period - Off-side.
7:22 of 2nd period - Eric Staal wins face-off versus Alex Galchenyuk in neutral zone.
7:31 of 2nd period - Shot by Marian Gaborik.
7:31 of 2nd period - Shot Blocked by Adam McQuaid.
7:39 of 2nd period - Shot by Eric Staal.
7:39 of 2nd period - Stopped by Sergei Bobrovsky without a rebound.
7:40 of 2nd period - Trevor Lewis wins face-off versus Jason Spezza in BlackHawks zone.
7:47 of 2nd period - Shot by Michael McCarron.
7:47 of 2nd period - Stopped by Ryan Miller without a rebound.
7:48 of 2nd period - Jason Spezza wins face-off versus Jack Eichel in Wild zone.
7:48 of 2nd period - Jason Spezza is hit by Gabriel Landeskog.
8:31 of 2nd period - Jack Eichel is hit by Carl Gunnarsson and loses puck.
8:32 of 2nd period - Minor Penalty to Alexander Edler for Roughing.
8:33 of 2nd period - Markus Granlund wins face-off versus Alex Galchenyuk in Wild zone.
8:42 of 2nd period - Shot by Alex Galchenyuk.
8:42 of 2nd period - Stopped by Ryan Miller without a rebound.
8:43 of 2nd period - Alex Galchenyuk wins face-off versus Markus Granlund in Wild zone.
8:52 of 2nd period - Shot by Dion Phaneuf.
8:52 of 2nd period - Shot Misses the Net.
10:14 of 2nd period - Shot by Jack Eichel.
10:14 of 2nd period - Shot Blocked by Jeff Petry.
10:20 of 2nd period - Shot by Jack Eichel.
10:20 of 2nd period - Shot Misses the Net.
10:32 of 2nd period - Shot by Artemi Panarin.
10:32 of 2nd period - Stopped by Ryan Miller without a rebound.
10:33 of 2nd period - Jason Spezza wins face-off versus Mark Arcobello in Wild zone.
10:42 of 2nd period - Dmitry Kulikov is hit by Jason Spezza and loses puck.
11:01 of 2nd period - Adam McQuaid is hit by Tanner Pearson and loses puck.
11:46 of 2nd period - Shot by Eric Staal.
11:46 of 2nd period - Deflect By Jason Pominville.
11:46 of 2nd period - Shot Misses the Net.
11:48 of 2nd period - Shot by Eric Staal.
11:48 of 2nd period - Shot Misses the Net.
12:14 of 2nd period - Icing by Alex Biega.
12:15 of 2nd period - Alex Galchenyuk wins face-off versus Eric Staal in Wild zone.
13:23 of 2nd period - Shot by Antoine Roussel.
13:23 of 2nd period - Stopped by Ryan Miller without a rebound.
13:24 of 2nd period - Trevor Lewis wins face-off versus Jason Spezza in Wild zone.
13:36 of 2nd period - Alexander Edler is hit by Luke Schenn and loses puck.
13:43 of 2nd period - Shot by Tanner Pearson.
13:43 of 2nd period - Deflect By Jason Spezza.
13:43 of 2nd period - Stopped by Sergei Bobrovsky without a rebound.
13:44 of 2nd period - Jack Eichel wins face-off versus Markus Granlund in BlackHawks zone.
13:44 of 2nd period - Antoine Roussel is hit by Colin McDonald and loses puck.
14:12 of 2nd period - Kevan Miller is hit by Alexander Edler and loses puck.
14:19 of 2nd period - Shot by Jack Eichel.
14:19 of 2nd period - Stopped by Ryan Miller without a rebound.
14:20 of 2nd period - Jason Spezza wins face-off versus Jason Chimera in Wild zone.
14:34 of 2nd period - Shot by Michael McCarron.
14:34 of 2nd period - Stopped by Ryan Miller without a rebound.
14:35 of 2nd period - Alex Galchenyuk wins face-off versus Eric Staal in Wild zone.
14:37 of 2nd period - Artemi Panarin is hit by Alex Biega and loses puck.
14:46 of 2nd period - Shot by Jake Virtanen.
14:46 of 2nd period - Stopped by Ryan Miller with a rebound.
15:22 of 2nd period - Alex Biega is hit by Jake Virtanen and loses puck.
15:59 of 2nd period - Sven Baertschi is hit by Dion Phaneuf and loses puck.
16:02 of 2nd period - Shot by Sven Baertschi.
16:02 of 2nd period - Stopped by Sergei Bobrovsky without a rebound.
16:03 of 2nd period - Riley Nash wins face-off versus Gabriel Landeskog in BlackHawks zone.
16:16 of 2nd period - Shot by Gabriel Landeskog.
16:16 of 2nd period - Stopped by Ryan Miller without a rebound.
16:17 of 2nd period - Markus Granlund wins face-off versus Trevor Lewis in Wild zone.
16:30 of 2nd period - Kevan Miller is hit by Colin McDonald and loses puck.
16:50 of 2nd period - Shot by Mark Streit.
16:50 of 2nd period - Shot Misses the Net.
16:52 of 2nd period - Shot by Jeff Petry.
16:52 of 2nd period - Shot Misses the Net.
17:26 of 2nd period - Shot by Adam McQuaid.
17:26 of 2nd period - Stopped by Ryan Miller without a rebound.
17:27 of 2nd period - Eric Staal wins face-off versus Jack Eichel in Wild zone.
18:09 of 2nd period - Shot by Gabriel Landeskog.
18:09 of 2nd period - Shot Misses the Net.
18:11 of 2nd period - Shot by Antoine Roussel.
18:11 of 2nd period - Shot Blocked by Alex Biega.
19:57 of 2nd period - Mark Streit is hit by Trevor Lewis and loses puck.
Goals for this period are 0 for Wild vs 0 for BlackHawks.
Shots for this period are 7 for Wild vs 11 for BlackHawks.

3rd period


0:01 of 3rd period - Jack Eichel wins face-off versus Jason Spezza in neutral zone.
0:21 of 3rd period - Shot by Jack Eichel.
0:21 of 3rd period - Stopped by Ryan Miller without a rebound.
0:22 of 3rd period - Jason Pominville wins face-off versus Alex Galchenyuk in Wild zone.
0:50 of 3rd period - Alex Galchenyuk is hit by Eric Staal and loses puck.
1:01 of 3rd period - Shot by Jake Virtanen.
1:01 of 3rd period - Shot Blocked by Mark Streit.
2:52 of 3rd period - Tanner Pearson is hit by Jordin Tootoo and loses puck.
3:05 of 3rd period - Dmitry Kulikov is hit by Tanner Pearson and loses puck.
3:50 of 3rd period - Shot by Alex Galchenyuk.
3:50 of 3rd period - Stopped by Ryan Miller with a rebound.
3:52 of 3rd period - Shot by Alex Galchenyuk.
3:52 of 3rd period - Stopped by Ryan Miller without a rebound.
3:53 of 3rd period - Eric Staal wins face-off versus Jack Eichel in Wild zone.
4:28 of 3rd period - Icing by Mark Streit.
4:29 of 3rd period - Alex Galchenyuk wins face-off versus Eric Staal in Wild zone.
4:40 of 3rd period - Shot by Jason Pominville.
4:40 of 3rd period - Stopped by Sergei Bobrovsky without a rebound.
4:41 of 3rd period - Riley Nash wins face-off versus Trevor Lewis in BlackHawks zone.
5:50 of 3rd period - Shot by Gabriel Landeskog.
5:50 of 3rd period - Shot Misses the Net.
6:22 of 3rd period - Shot by Gabriel Landeskog.
6:22 of 3rd period - Stopped by Ryan Miller without a rebound.
6:23 of 3rd period - Eric Staal wins face-off versus Alex Galchenyuk in Wild zone.
6:23 of 3rd period - Eric Staal is hit by Jake Virtanen.
6:52 of 3rd period - Shot by Alex Galchenyuk.
6:52 of 3rd period - Stopped by Ryan Miller without a rebound.
6:53 of 3rd period - Riley Nash wins face-off versus Mark Arcobello in Wild zone.
7:06 of 3rd period - Shot by Jimmy Hayes.
7:06 of 3rd period - Stopped by Sergei Bobrovsky without a rebound.
7:07 of 3rd period - Eric Staal wins face-off versus Jack Eichel in BlackHawks zone.
7:08 of 3rd period - Shot by Marian Gaborik.
7:08 of 3rd period - Goal by Marian Gaborik - Wild : 3 - BlackHawks : 3.
7:09 of 3rd period - Alex Galchenyuk wins face-off versus Eric Staal in neutral zone.
7:20 of 3rd period - Shot by Eric Staal.
7:20 of 3rd period - Shot Misses the Net.
7:34 of 3rd period - Jason Pominville is hit by Jake Virtanen.
7:45 of 3rd period - Off-side.
7:46 of 3rd period - Jack Eichel wins face-off versus Jason Spezza in neutral zone.
8:16 of 3rd period - Shot by Jack Eichel.
8:16 of 3rd period - Shot Misses the Net.
8:55 of 3rd period - Shot by Jason Chimera.
8:55 of 3rd period - Stopped by Ryan Miller without a rebound.
8:56 of 3rd period - Eric Staal wins face-off versus Alex Galchenyuk in Wild zone.
9:24 of 3rd period - Jeff Petry is hit by Jake Virtanen and loses puck.
9:31 of 3rd period - Shot by Marian Gaborik.
9:31 of 3rd period - Shot Misses the Net.
9:33 of 3rd period - Shot by Eric Staal.
9:33 of 3rd period - Stopped by Sergei Bobrovsky with a rebound.
10:16 of 3rd period - Jason Chimera is hit by Alex Biega and loses puck.
10:25 of 3rd period - Kevan Miller is hit by Jimmy Hayes and loses puck.
10:29 of 3rd period - Icing by Kevan Miller.
10:30 of 3rd period - Trevor Lewis wins face-off versus Markus Granlund in BlackHawks zone.
11:31 of 3rd period - Jason Spezza is hit by Adam McQuaid and loses puck.
11:57 of 3rd period - Aaron Ekblad is hit by Alex Biega and loses puck.
12:01 of 3rd period - Icing by Alex Biega.
12:02 of 3rd period - Alex Galchenyuk wins face-off versus Jason Spezza in Wild zone.
12:07 of 3rd period - Shot by Artemi Panarin.
12:07 of 3rd period - Shot Misses the Net.
12:09 of 3rd period - Shot by Artemi Panarin.
12:09 of 3rd period - Stopped by Ryan Miller without a rebound.
12:10 of 3rd period - Alex Galchenyuk wins face-off versus Eric Staal in Wild zone.
12:17 of 3rd period - Shot by Alex Galchenyuk.
12:17 of 3rd period - Stopped by Ryan Miller without a rebound.
12:18 of 3rd period - Alex Galchenyuk wins face-off versus Eric Staal in Wild zone.
12:18 of 3rd period - Alex Galchenyuk is hit by Alexander Edler.
12:36 of 3rd period - Shot by Artemi Panarin.
12:36 of 3rd period - Shot Misses the Net.
12:46 of 3rd period - Shot by Artemi Panarin.
12:46 of 3rd period - Stopped by Ryan Miller without a rebound.
12:47 of 3rd period - Riley Nash wins face-off versus Jack Eichel in Wild zone.
12:47 of 3rd period - Riley Nash is hit by Gabriel Landeskog.
13:05 of 3rd period - Icing by Antoine Roussel.
13:06 of 3rd period - Jason Spezza wins face-off versus Jack Eichel in BlackHawks zone.
13:14 of 3rd period - Icing by Adam McQuaid.
13:15 of 3rd period - Jason Pominville wins face-off versus Jack Eichel in BlackHawks zone.
13:15 of 3rd period - Jason Pominville is hit by Adam McQuaid.
13:35 of 3rd period - Shot by Jason Pominville.
13:35 of 3rd period - Deflect By Eric Staal.
13:35 of 3rd period - Stopped by Sergei Bobrovsky without a rebound.
13:36 of 3rd period - Jason Spezza wins face-off versus Alex Galchenyuk in BlackHawks zone.
13:39 of 3rd period - Shot by Tanner Pearson.
13:39 of 3rd period - Stopped by Sergei Bobrovsky without a rebound.
13:40 of 3rd period - Jason Spezza wins face-off versus Alex Galchenyuk in BlackHawks zone.
13:54 of 3rd period - Shot by Artemi Panarin.
13:54 of 3rd period - Stopped by Ryan Miller without a rebound.
13:55 of 3rd period - Marian Gaborik wins face-off versus Jack Eichel in Wild zone.
14:02 of 3rd period - Shot by Gabriel Landeskog.
14:02 of 3rd period - Stopped by Ryan Miller without a rebound.
14:03 of 3rd period - Alex Galchenyuk wins face-off versus Jason Spezza in Wild zone.
14:24 of 3rd period - Shot by Tanner Pearson.
14:24 of 3rd period - Shot Misses the Net.
14:26 of 3rd period - Shot by Tanner Pearson.
14:26 of 3rd period - Shot Misses the Net.
14:28 of 3rd period - Shot by Tanner Pearson.
14:28 of 3rd period - Stopped by Sergei Bobrovsky without a rebound.
14:29 of 3rd period - Jack Eichel wins face-off versus Eric Staal in BlackHawks zone.
14:55 of 3rd period - Shot by Marian Gaborik.
14:55 of 3rd period - Shot Blocked by Luke Schenn.
15:18 of 3rd period - Off-side.
15:19 of 3rd period - Jake Virtanen wins face-off versus Sven Baertschi in neutral zone.
15:24 of 3rd period - Icing by Alexander Edler.
15:25 of 3rd period - Alex Galchenyuk wins face-off versus Jason Spezza in Wild zone.
15:33 of 3rd period - Icing by Tanner Pearson.
15:34 of 3rd period - Trevor Lewis wins face-off versus Sven Baertschi in Wild zone.
16:28 of 3rd period - Shot by Jack Eichel.
16:28 of 3rd period - Shot Misses the Net.
16:31 of 3rd period - Icing by Carl Gunnarsson.
16:32 of 3rd period - Alex Galchenyuk wins face-off versus Jason Spezza in Wild zone.
17:11 of 3rd period - Shot by Eric Staal.
17:11 of 3rd period - Stopped by Sergei Bobrovsky with a rebound.
17:51 of 3rd period - Off-side.
17:52 of 3rd period - Trevor Lewis wins face-off versus Riley Nash in neutral zone.
17:58 of 3rd period - Minor Penalty to Michael McCarron for Interference.
17:58 of 3rd period - Minor Penalty to Taylor Fedun for Holding.
17:59 of 3rd period - Jason Spezza wins face-off versus Jack Eichel in Wild zone.
17:59 of 3rd period - Jason Spezza is hit by Gabriel Landeskog.
18:09 of 3rd period - Shot by Jason Spezza.
18:09 of 3rd period - Stopped by Sergei Bobrovsky without a rebound.
18:10 of 3rd period - Alex Galchenyuk wins face-off versus Jason Spezza in BlackHawks zone.
19:24 of 3rd period - Shot by Gabriel Landeskog.
19:24 of 3rd period - Stopped by Ryan Miller with a rebound.
19:54 of 3rd period - Alexander Edler is hit by Dion Phaneuf and loses puck.
Goals for this period are 1 for Wild vs 0 for BlackHawks.
Shots for this period are 9 for Wild vs 12 for BlackHawks.

Overtime #1


0:01 of 1st overtime period - Jason Spezza wins face-off versus Alex Galchenyuk in neutral zone.
0:06 of 1st overtime period - Shot by Sven Baertschi.
0:06 of 1st overtime period - Shot Misses the Net.
0:16 of 1st overtime period - Shot by Alex Galchenyuk.
0:16 of 1st overtime period - Stopped by Ryan Miller without a rebound.
0:17 of 1st overtime period - Alex Galchenyuk wins face-off versus Jason Spezza in Wild zone.
0:22 of 1st overtime period - Shot by Aaron Ekblad.
0:22 of 1st overtime period - Goal by Aaron Ekblad - Wild : 3 - BlackHawks : 4.
Goals for this period are 0 for Wild vs 1 for BlackHawks.
Shots for this period are 0 for Wild vs 2 for BlackHawks.